 Dungeon Crawl Stone Soup version 0.29.1-2-gbd0b4ee654 (webtiles) character file.

Game seed: 4077561318786297517

4 Godmorgon the Trooper (level 1, 0/18 HPs)
             Began as a Formicid Abyssal Knight on Oct 24, 2022.
             Was a Believer of Lugonu.
             Constricted to death by a ball python (1 damage)
             ... on level 1 of the Dungeon.
             The game lasted 00:01:41 (86 turns).

Godmorgon the Trooper (Formicid Abyssal Knight)       Turns: 86, Time: 00:01:42

Health: 0/18       AC:  4    Str: 17    XL:     1   Next: 66%
Magic:  2/2        EV:  6    Int:  9    God:    Lugonu [**....]
Gold:   31         SH:  7    Dex: 14    Spells: 0/0 levels left

rFire   . . .      SeeInvis +   a - +1 mace
rCold   . . .      Faith    .   e - +0 kite shield
rNeg    . . .      Spirit   .   b - +0 leather armour
rPois   .          Reflect  .   (helmet unavailable)
rElec   .          Harm     .   (no cloak)
rCorr   .          Rampage  .   c - +0 pair of gloves
Will    .....                   (no boots)
Stlth   +.........              (no amulet)
HPRegen 0.06/turn               (no ring)
MPRegen 0.08/turn               (no ring)

@: constricted
A: permanent stasis, dig shafts and tunnels, antennae 3, four strong arms
a: Dig, Shaft Self, Renounce Religion, Depart the Abyss, Bend Space


You were on level 1 of the Dungeon.
You worshipped Lugonu.
Lugonu was pleased with you.
You visited 1 branch of the dungeon, and saw 1 of its levels.
You visited the Abyss 1 time.

You collected 31 gold pieces.

Inventory:

Hand Weapons
 a - a +1 mace (weapon)
Armour
 b - a +0 leather armour (worn)
 c - a +0 pair of gloves (worn)
 e - a +0 kite shield (worn)


   Skills:
 + Level 3.3 Fighting
 + Level 0.0(1.2) Axes
 * Level 2.1 Maces & Flails
 + Level 0.0(1.2) Staves
 - Level 2.1 Armour
 - Level 0.8 Dodging
 + Level 0.0 Shields
 + Level 0.1 Unarmed Combat
 + Level 2.3 Invocations


You couldn't memorise any spells.
You didn't know any spells.
Your spell library was empty.

Dungeon Overview and Level Annotations

Branches:
Dungeon (1/15)

Altars:


Innate Abilities, Weirdness & Mutations

You cannot be hasted, slowed, berserked, paralysed or teleported.
You can dig through walls and to a lower floor.
You have a pair of large antennae on your head. (SInv)
Your four strong arms can wield two-handed weapons with a shield.


Message History

The quokka bites you but does no damage.
The quokka bites you.
You barely miss the quokka. The quokka bites you.
* * * LOW HITPOINT WARNING * * *
You closely miss the quokka. The quokka barely misses you.
The quokka closely misses you.
You barely miss the quokka. You block the quokka's attack.
The quokka closely misses you.
You barely miss the quokka. The quokka barely misses you.
You barely miss the quokka. You block the quokka's attack. x2
You hit the quokka.
The quokka is heavily wounded.
The quokka barely misses you. You block the quokka's attack.
You hit the quokka but do no damage.
The quokka is heavily wounded.
You block the quokka's attack. x2
You sock the quokka!
You kill the quokka!
Lugonu accepts your kill. The ball python bites you.
* * * LOW HITPOINT WARNING * * *
The ball python grabs you. The ball python constricts you.
* * * LOW HITPOINT WARNING * * *
You barely miss the ball python.
The ball python bites you but does no damage.
The ball python constricts you.
You aren't carrying any potions.
As you read the scroll labelled NOOCON NIUHE, it crumbles to dust.
You feel a strange sense of stasis.
It was a scroll of teleportation.
The ball python barely misses you. The ball python constricts you.
You closely miss the ball python.
The ball python bites you but does no damage.
The ball python constricts you. The ball python closely misses you.
The ball python constricts you.
You barely miss the ball python.
The ball python bites you but does no damage.
The ball python constricts you. The ball python bites you.
* * * LOW HITPOINT WARNING * * *
The ball python constricts you.
You die...

#.8.#####...#
#...#≈≈≈#.###..#..#####..
#.#.#≈≈≈#.###......#.....
#.#.#≈≈S#.#...#..........
#.#.#####.# .............
#<#.......# #...........
#.#.#####.# #(..........
#.#.#≈≈≈#.#####......$...
#.#.#≈≈S#@#..............
#...#≈≈≈#S#)....##..###..
#.8.#####rJ.J..†##..#
#.........#...........
###########..###.......
.....#....### ......!#
.........## .......#
..#.####.# .......# { #.#
.....


You could see 2 electric eels, an endoplasm, a quokka and a ball python.

Vanquished Creatures
  A goblin (D:1)
  A quokka (D:1)
  2 rats (D:1)
4 creatures vanquished.

Notes
Turn   | Place    | Note
-------+----------+-------------------------------------------
     0 | Abyss:1  | Godmorgon the Formicid Abyssal Knight began the quest for
                  | the Orb.
     0 | Abyss:1  | Reached XP level 1. HP: 18/18 MP: 2/2
     1 | D:1      | Escaped the Abyss
    11 | D:1      | Noticed an electric eel
    12 | D:1      | Noticed an electric eel
    86 | D:1      | Constricted to death by a ball python

Illustrated notes

Levels and vault maps discovered:
D:1:      arrival_aquarium_b, layout_rooms

Action                   || total
-------------------------++-------
Melee: Mace              ||    17
  Use: Scroll            ||     1
Armor: Leather armour    ||     8
Dodge: Dodged            ||    12
Block: Kite shield       ||    13
